TOP OF THE 1ST |
Colorado (EL) Rockies batting - Pitching for Mobile BayBears : RHP Zach Wahlin
|
Pitching: RHP Zach Wahlin
|
|
Batting: SHB Eddie Quinones
|
0-0: Ball 1-0: Ball 2-0: Ball 3-0: Called Strike 3-1: Base on Balls
|
Batting: LHB Eric Ludwig
|
0-0: Called Strike 0-1: Ball 1-1: Called Strike 1-2: Foul Ball, location: 2F 1-2: Fly out, F6 (Popup, 6MS, EV 79.4 MPH)
|
Batting: SHB Chris Besselman
|
0-0: Called Strike Eddie Quinones steals 2nd base (no throw) 0-1: Ball 1-1: Ball 2-1: Foul Ball, location: 2F 2-2: Strikes out swinging
|
Batting: LHB Koson Hirai
|
0-0: Ball 1-0: Ball 2-0: Ground out 4-3 (Groundball, 4, EV 90.6 MPH)
|
Top of the 1st over - 0 runs, 0 hits, 0 errors, 1 left on base; Colorado (EL) 0 - Mobile 0 |
BOTTOM OF THE 1ST |
Mobile BayBears batting - Pitching for Colorado (EL) Rockies : RHP Yasushi Osumi
|
Pitching: RHP Yasushi Osumi
|
|
Batting: LHB Josh Gottlieb
|
0-0: Ball 1-0: Called Strike 1-1: Foul Ball, location: 2F 1-2: Ball 2-2: Ball 3-2: Fly out, F8 (Flyball, 8LD, EV 95.0 MPH)
|
Batting: RHB Dave Vargas
|
0-0: Called Strike 0-1: SOLO HOME RUN (Flyball, 89XD, EV 101.9 MPH), Distance : 397 ft
|
Batting: LHB Bobby Arevalo
|
0-0: Fly out, F8 (Flyball, 8RD, EV 94.4 MPH)
|
Batting: RHB Shane Smith
|
0-0: Ball 1-0: Foul Ball, location: 2F 1-1: Foul Ball, location: 2F 1-2: Foul Ball, location: 2F 1-2: Ball 2-2: Foul Ball, location: 2F 2-2: Ball 3-2: Foul Ball, location: 2F 3-2: Base on Balls
|
Batting: LHB Josh Kirk
|
0-0: Foul Ball, location: 2F 0-1: Ball 1-1: Ball 2-1: SINGLE (Groundball, 6S, EV 72.5 MPH) (infield hit) Shane Smith to second
|
Batting: RHB Andy Schuett
|
0-0: Swinging Strike 0-1: Foul Ball, location: 2F 0-2: Ball 1-2: Strikes out looking
|
Bottom of the 1st over - 1 run, 2 hits, 0 errors, 2 left on base; Colorado (EL) 0 - Mobile 1 |
TOP OF THE 2ND |
Colorado (EL) Rockies batting - Pitching for Mobile BayBears : RHP Zach Wahlin
|
Batting: RHB Eric Delgado
|
0-0: Ball 1-0: Ball 2-0: Called Strike 2-1: SINGLE (Groundball, 6MD, EV 94.4 MPH)
|
Batting: SHB Patrick Kimmel
|
0-0: Ball 1-0: Foul Ball, location: 2F 1-1: Called Strike 1-2: Ball 2-2: Strikes out swinging
|
Batting: RHB Craig Gomez
|
0-0: Ball 1-0: Called Strike Eric Delgado steals 2nd base 1-1: Ball 2-1: Called Strike Eric Delgado steals 3rd base 2-2: Strikes out swinging
|
Batting: RHB Jerry Edmiston
|
0-0: Ball 1-0: Foul Ball, location: 2F 1-1: Ground out 6-3 (Groundball, 6, EV 98.1 MPH)
|
Top of the 2nd over - 0 runs, 1 hit, 0 errors, 1 left on base; Colorado (EL) 0 - Mobile 1 |
BOTTOM OF THE 2ND |
Mobile BayBears batting - Pitching for Colorado (EL) Rockies : RHP Yasushi Osumi
|
Batting: RHB Franklin Villanueva
|
0-0: Called Strike 0-1: Ball 1-1: Ball 2-1: Ball 3-1: Base on Balls
|
Batting: RHB Dustin Legault
|
0-0: Ball 1-0: Foul Ball, location: 2F 1-1: Swinging Strike 1-2: DOUBLE (Line Drive, 3D, EV 96.9 MPH) Franklin Villanueva to third
|
Batting: LHB J.D. Onorati
|
0-0: Foul Ball, location: 2F 0-1: Foul Ball, location: 2F 0-2: Strikes out looking
|
Batting: LHB Josh Gottlieb
|
0-0: Called Strike 0-1: Foul Ball, location: 2F 0-2: Ball 1-2: Ball 2-2: Foul Ball, location: 2F 2-2: 3-RUN HOME RUN (Flyball, 89XD, EV 104.4 MPH), Distance : 410 ft
|
Batting: RHB Dave Vargas
|
0-0: Called Strike 0-1: Ball 1-1: Swinging Strike 1-2: SOLO HOME RUN (Line Drive, 7LD, EV 99.4 MPH), Distance : 352 ft
|
Batting: LHB Bobby Arevalo
|
0-0: Ball 1-0: Foul Ball, location: 2F 1-1: Called Strike 1-2: Strikes out swinging
|
Batting: RHB Shane Smith
|
0-0: Ball 1-0: Foul Ball, location: 2F 1-1: Ball 2-1: SINGLE (Groundball, 6MD, EV 105.0 MPH)
|
Pitching: LHP Andy Silveira
|
|
Batting: LHB Josh Kirk
|
0-0: SINGLE (Groundball, 5D, EV 106.9 MPH) Shane Smith to second
|
Batting: RHB Andy Schuett
|
0-0: Foul Ball, location: 2F 0-1: Fielders Choice at 2nd, 5-4 (Groundball, 56, EV 82.5 MPH)
|
Bottom of the 2nd over - 4 runs, 5 hits, 0 errors, 2 left on base; Colorado (EL) 0 - Mobile 5 |
TOP OF THE 3RD |
Colorado (EL) Rockies batting - Pitching for Mobile BayBears : RHP Zach Wahlin
|
Batting: RHB Steve Waltenbery
|
0-0: Ball 1-0: Ball 2-0: Ground out 5-3 (Groundball, 56, EV 84.4 MPH)
|
Batting: SHB Eddie Quinones
|
0-0: Foul Ball, location: 2F 0-1: Ball 1-1: Swinging Strike 1-2: Ball 2-2: Ground out 4-3 (Groundball, 4, EV 76.2 MPH)
|
Batting: LHB Eric Ludwig
|
0-0: Ball 1-0: Called Strike 1-1: Foul Ball, location: 2F 1-2: Ball 2-2: Foul Ball, location: 2F 2-2: Foul Ball, location: 2F 2-2: Ground out U3 (Groundball, 34, EV 90.6 MPH)
|
Top of the 3rd over - 0 runs, 0 hits, 0 errors, 0 left on base; Colorado (EL) 0 - Mobile 5 |
BOTTOM OF THE 3RD |
Mobile BayBears batting - Pitching for Colorado (EL) Rockies : LHP Andy Silveira
|
Batting: RHB Franklin Villanueva
|
0-0: Swinging Strike 0-1: Foul Ball, location: 2F 0-2: Ground out 6-3 (Groundball, 6, EV 108.8 MPH)
|
Batting: RHB Dustin Legault
|
0-0: Called Strike 0-1: SINGLE (Line Drive, 6D, EV 106.2 MPH)
|
Batting: LHB J.D. Onorati
|
0-0: Ball 1-0: Ball 2-0: Foul Ball, location: 2F 2-1: Foul Ball, location: 2F 2-2: Fly out, F8 (Flyball, 8RD, EV 103.8 MPH)
|
Batting: LHB Josh Gottlieb
|
0-0: Foul Ball, location: 2F 0-1: Ball 1-1: Ball 2-1: Ground out 4-3 (Groundball, 4, EV 86.9 MPH)
|
Bottom of the 3rd over - 0 runs, 1 hit, 0 errors, 1 left on base; Colorado (EL) 0 - Mobile 5 |
TOP OF THE 4TH |
Colorado (EL) Rockies batting - Pitching for Mobile BayBears : RHP Zach Wahlin
|
Batting: SHB Chris Besselman
|
0-0: Called Strike 0-1: Ball 1-1: SINGLE (Line Drive, 4MD, EV 105.6 MPH)
|
Batting: LHB Koson Hirai
|
0-0: Foul Ball, location: 2F 0-1: Ball 1-1: Foul Ball, location: 2F 1-2: Foul Ball, location: 2F 1-2: Ball 2-2: SINGLE (Line Drive, 56D, EV 98.8 MPH) Chris Besselman to second
|
Batting: RHB Eric Delgado
|
0-0: Ball 1-0: Ball 2-0: Ball 3-0: Base on Balls Chris Besselman to third Koson Hirai to second
|
Batting: SHB Patrick Kimmel
|
0-0: Fly out, F4 (Line Drive, 4, EV 74.4 MPH)
|
Batting: RHB Craig Gomez
|
0-0: Ball 1-0: SINGLE (Groundball, 6MD, EV 93.8 MPH) Chris Besselman scores Koson Hirai to third Eric Delgado to second Runner from 3rd tries for Home, SAFE, throw by CF to home
|
Batting: RHB Jerry Edmiston
|
0-0: Ball 1-0: Ball 2-0: Foul Ball, location: 2F 2-1: Ball Passed Ball! Eric Delgado to third Craig Gomez to second 3-1: Base on Balls
|
Batting: RHB Steve Waltenbery
|
0-0: Ball 1-0: Foul Ball, location: 2F 1-1: Grounds into fielders choice 6-2 (Groundball, P, EV 87.5 MPH) Craig Gomez to third Jerry Edmiston to second
|
Batting: SHB Eddie Quinones
|
0-0: Ball 1-0: Ball 2-0: Foul Ball, location: 2F 2-1: Ball 3-1: Fielders Choice at 2nd, 6-4 (Groundball, 6, EV 83.8 MPH)
|
Top of the 4th over - 2 runs, 3 hits, 0 errors, 3 left on base; Colorado (EL) 2 - Mobile 5 |
BOTTOM OF THE 4TH |
Mobile BayBears batting - Pitching for Colorado (EL) Rockies : LHP Andy Silveira
|
Batting: RHB Dave Vargas
|
0-0: Called Strike 0-1: Foul Ball, location: 2F 0-2: SOLO HOME RUN (Flyball, 7LD, EV 96.2 MPH), Distance : 379 ft
|
Batting: LHB Bobby Arevalo
|
0-0: Ball 1-0: Foul Ball, location: 2F 1-1: Foul Ball, location: 2F 1-2: Ground out 3-1 (Groundball, 34S, EV 87.5 MPH)
|
Batting: RHB Shane Smith
|
0-0: Ground out 6-3 (Groundball, 6, EV 85.0 MPH)
|
Batting: LHB Josh Kirk
|
0-0: Foul Ball, location: 2F 0-1: Ball 1-1: Ball 2-1: SINGLE (Groundball, 34D, EV 105.6 MPH)
|
Batting: RHB Andy Schuett
|
0-0: Ball 1-0: Foul Ball, location: 2F 1-1: Ball 2-1: Ball 3-1: Ground out 5-3 (Groundball, 5S, EV 88.8 MPH)
|
Bottom of the 4th over - 1 run, 2 hits, 0 errors, 1 left on base; Colorado (EL) 2 - Mobile 6 |
TOP OF THE 5TH |
Colorado (EL) Rockies batting - Pitching for Mobile BayBears : RHP Zach Wahlin
|
Batting: LHB Eric Ludwig
|
0-0: Ball 1-0: Ball 2-0: Swinging Strike 2-1: Ball 3-1: Base on Balls
|
Batting: SHB Chris Besselman
|
0-0: Swinging Strike 0-1: Foul Ball, location: 2F 0-2: Ball 1-2: Fly out, F5 (Flyball, 5D, EV 80.0 MPH)
|
Batting: LHB Koson Hirai
|
0-0: Ball 1-0: Fly out, F9 (Flyball, 9D, EV 97.5 MPH)
|
Pitching: LHP Danny Kessel
|
|
Batting: RHB Eric Delgado
|
0-0: Called Strike 0-1: Ball 1-1: Ground out 5-3 (Groundball, 56S, EV 93.1 MPH)
|
Top of the 5th over - 0 runs, 0 hits, 0 errors, 1 left on base; Colorado (EL) 2 - Mobile 6 |
BOTTOM OF THE 5TH |
Mobile BayBears batting - Pitching for Colorado (EL) Rockies : LHP Andy Silveira
|
Batting: RHB Franklin Villanueva
|
0-0: Ball 1-0: Foul Ball, location: 2F 1-1: Ground out 6-3 (Groundball, 6M, EV 79.4 MPH)
|
Batting: RHB Dustin Legault
|
0-0: Ball 1-0: Ball 2-0: Ball 3-0: Called Strike 3-1: Foul Ball, location: 2F 3-2: Foul Ball, location: 2F 3-2: Ground out 4-3 (Groundball, 4MD, EV 83.8 MPH)
|
Batting: LHB J.D. Onorati
|
0-0: Ball 1-0: Called Strike 1-1: Ball 2-1: Ball 3-1: Base on Balls
|
Pitching: LHP Su-wu Pi
|
|
Batting: LHB Josh Gottlieb
|
0-0: Ball 1-0: Called Strike 1-1: Foul Ball, location: 2F 1-2: Strikes out looking
|
Bottom of the 5th over - 0 runs, 0 hits, 0 errors, 1 left on base; Colorado (EL) 2 - Mobile 6 |
TOP OF THE 6TH |
Colorado (EL) Rockies batting - Pitching for Mobile BayBears : LHP Danny Kessel
|
Batting: SHB Patrick Kimmel
|
0-0: Called Strike 0-1: Fly out, F8 (Line Drive, 8RM, EV 93.1 MPH)
|
Batting: RHB Craig Gomez
|
0-0: Foul Ball, location: 2F 0-1: Foul Ball, location: 2F 0-2: Ground out 5-3 (Groundball, 5L, EV 109.4 MPH)
|
Batting: RHB Jerry Edmiston
|
0-0: Called Strike 0-1: Foul Ball, location: 2F 0-2: Ground out 5-3 (Groundball, 56S, EV 92.5 MPH)
|
Top of the 6th over - 0 runs, 0 hits, 0 errors, 0 left on base; Colorado (EL) 2 - Mobile 6 |
BOTTOM OF THE 6TH |
Mobile BayBears batting - Pitching for Colorado (EL) Rockies : LHP Su-wu Pi
|
Batting: RHB Dave Vargas
|
0-0: Ball 1-0: Ball 2-0: Ball 3-0: Base on Balls
|
Batting: LHB Bobby Arevalo
|
0-0: Called Strike 0-1: Ball 1-1: Fly out, F9 (Flyball, 9D, EV 90.6 MPH)
|
Batting: RHB Shane Smith
|
0-0: Called Strike 0-1: Ball 1-1: Ball 2-1: Ball 3-1: DOUBLE (Line Drive, 9LM, EV 112.5 MPH) Dave Vargas to third
|
Batting: LHB Josh Kirk
|
0-0: Called Strike 0-1: Ball 1-1: Called Strike 1-2: Ball 2-2: Ground out 4-3 (Groundball, 34, EV 102.5 MPH) Dave Vargas scores Shane Smith to third
|
Batting: RHB Andy Schuett
|
0-0: Ball 1-0: Ball 2-0: Fly out, F6 (Line Drive, 6, EV 71.9 MPH)
|
Bottom of the 6th over - 1 run, 1 hit, 0 errors, 1 left on base; Colorado (EL) 2 - Mobile 7 |
TOP OF THE 7TH |
Colorado (EL) Rockies batting - Pitching for Mobile BayBears : LHP Danny Kessel
|
Batting: RHB Steve Waltenbery
|
0-0: Fly out, F7 (Flyball, 7S, EV 95.0 MPH)
|
Batting: SHB Eddie Quinones
|
0-0: Ball 1-0: Ground out U3 (Groundball, 13, EV 90.0 MPH)
|
Batting: LHB Eric Ludwig
|
0-0: Called Strike 0-1: Fly out, F8 (Flyball, 8LS, EV 89.4 MPH)
|
Top of the 7th over - 0 runs, 0 hits, 0 errors, 0 left on base; Colorado (EL) 2 - Mobile 7 |
BOTTOM OF THE 7TH |
Mobile BayBears batting - Pitching for Colorado (EL) Rockies : LHP Su-wu Pi
|
Batting: RHB Franklin Villanueva
|
0-0: Ground out 5-3 (Groundball, 56S, EV 91.2 MPH)
|
Batting: RHB Dustin Legault
|
0-0: Called Strike 0-1: Ball 1-1: Foul Ball, location: 2F 1-2: Ball 2-2: Ball 3-2: Foul Ball, location: 2F 3-2: Strikes out looking
|
Batting: LHB J.D. Onorati
|
0-0: Ball 1-0: Called Strike 1-1: Fly out, F9 (Flyball, 9, EV 90.0 MPH)
|
Bottom of the 7th over - 0 runs, 0 hits, 0 errors, 0 left on base; Colorado (EL) 2 - Mobile 7 |
TOP OF THE 8TH |
Colorado (EL) Rockies batting - Pitching for Mobile BayBears : LHP Danny Kessel
|
Batting: SHB Chris Besselman
|
0-0: SINGLE (Line Drive, 6M, EV 109.4 MPH)
|
Batting: LHB Koson Hirai
|
0-0: Called Strike 0-1: Grounds into double play, 5-4-3 (Groundball, 56, EV 103.1 MPH)
|
Batting: RHB Eric Delgado
|
0-0: Ball 1-0: Ball 2-0: Called Strike 2-1: Called Strike 2-2: Ball 3-2: Base on Balls
|
Batting: SHB Patrick Kimmel
|
0-0: Ball 1-0: Fielders Choice at 2nd, 6-4 (Groundball, 6, EV 108.8 MPH)
|
Top of the 8th over - 0 runs, 1 hit, 0 errors, 1 left on base; Colorado (EL) 2 - Mobile 7 |
BOTTOM OF THE 8TH |
Mobile BayBears batting - Pitching for Colorado (EL) Rockies : LHP Su-wu Pi
|
Batting: LHB Josh Gottlieb
|
0-0: Ground out 4-3 (Groundball, 4, EV 80.6 MPH)
|
Batting: RHB Dave Vargas
|
0-0: Swinging Strike 0-1: Ball 1-1: Ball 2-1: Ball 3-1: Swinging Strike 3-2: Base on Balls
|
Pitching: RHP Paulo Guincho
|
|
Batting: LHB Bobby Arevalo
|
0-0: Called Strike 0-1: Ball Dave Vargas steals 2nd base 1-1: Swinging Strike 1-2: Ball 2-2: Strikes out looking
|
Batting: RHB Shane Smith
|
0-0: Ball 1-0: Foul Ball, location: 2F 1-1: Ball 2-1: Called Strike 2-2: Strikes out swinging
|
Bottom of the 8th over - 0 runs, 0 hits, 0 errors, 1 left on base; Colorado (EL) 2 - Mobile 7 |
TOP OF THE 9TH |
Colorado (EL) Rockies batting - Pitching for Mobile BayBears : LHP Danny Kessel
|
Batting: RHB Craig Gomez
|
0-0: Ball 1-0: Ball 2-0: Hit by Pitch
|
Pitching: LHP Nate Earnshaw
|
|
Batting: RHB Jerry Edmiston
|
0-0: Ball 1-0: Fly out, F8 (Flyball, 8RM, EV 81.9 MPH)
|
Batting: RHB Steve Waltenbery
|
0-0: Ball 1-0: Foul Ball, location: 2F 1-1: Foul Ball, location: 2F 1-2: Fly out, F3 (Popup, 34S, EV 78.1 MPH)
|
Batting: SHB Eddie Quinones
|
0-0: Called Strike 0-1: Foul Ball, location: 2F 0-2: Foul Ball, location: 2F 0-2: Ball 1-2: Ball 2-2: Ball 3-2: SINGLE (Line Drive, 89S, EV 101.2 MPH) Craig Gomez to second Craig Gomez to third
|
Batting: LHB Eric Ludwig
|
0-0: Called Strike 0-1: Fly out, F9 (Flyball, 9LM, EV 83.1 MPH)
|
Top of the 9th over - 0 runs, 1 hit, 0 errors, 2 left on base; Colorado (EL) 2 - Mobile 7 |
|